 Dungeon Crawl Stone Soup version 0.31.0-12-g77e489cdc1 (webtiles) character file.

Game seed: 9535819828562777903

5 Gadfly the Trooper (level 1, 0/18 HPs)
             Began as a Demonspawn Monk on Feb 11, 2024.
             Slain by a ribbon worm (3 damage)
             ... on level 2 of the Dungeon.
             The game lasted 00:00:18 (116 turns).

Gadfly the Trooper (Demonspawn Monk)                 Turns: 116, Time: 00:00:19

Health: 0/18       AC:  2    Str: 11    XL:     1   Next: 66%
Magic:  1/1        EV: 13    Int: 10    God:
Gold:   22         SH:  0    Dex: 15    Spells: 0/0 levels left

rFire   . .          .
                       - Unarmed
rCold   . . .        c - orb {light}
rNeg    . . .        a - +0 robe
rPois   .            (no helmet)
rElec   .            (no cloak)
rCorr   .            (no gloves)
SInv    .            (no boots)
Will    .....        (no amulet)
Stlth   +            (no ring)
HPRegen 0.23/turn    (no ring)
MPRegen 0.07/turn

%: no passive effects
@: glowing
A: no striking features
a: no special abilities


You were on level 2 of the Dungeon.
You visited 1 branch of the dungeon, and saw 2 of its levels.

You collected 22 gold pieces.

Inventory:

Armour
 a - a +0 robe (worn)
 c - an orb of light (worn)
Scrolls
 e - a scroll of summoning {unknown}
Potions
 b - a potion of ambrosia
 d - a potion of brilliance {unknown}
 f - a potion of lignification {unknown}


   Skills:
 - Level 3.0 Fighting
 + Level 2.7 Dodging
 * Level 2.7 Unarmed Combat
 * Level 0.3 Evocations
 * Level 0.4 Shapeshifting


You couldn't memorise any spells.
You didn't know any spells.
Your spell library contained the following spells:

 Spells                   Type           Power      Damage    Failure   Level
 Mercury Vapours          Alch/Air       0%         N/A       50%         2
 Mephitic Cloud           Conj/Alch/Air  0%         N/A       75%         3
 Freezing Cloud           Conj/Ice/Air   0%         6-21      100%        5


Dungeon Overview and Level Annotations

Branches:
Dungeon (2/15)

Altars:

Annotations:
D:1 2 transporters


Message History

The rat barely misses you.
You hit the rat but do no damage. The rat closely misses you.
A ribbon worm comes into view.
You hit the rat.
You kill the rat!
A hobgoblin comes into view.
The hobgoblin shouts!
The ribbon worm completely misses you. The hobgoblin hits you.
You see here a rat corpse.
You hit the ribbon worm.
The ribbon worm is moderately wounded.
The ribbon worm bites you. The hobgoblin barely misses you.
You hit the ribbon worm.
The ribbon worm is moderately wounded.
The hobgoblin hits you. The ribbon worm closely misses you.
You hit the ribbon worm.
The ribbon worm is moderately wounded.
The hobgoblin closely misses you.
You hit the ribbon worm.
The ribbon worm is severely wounded.
The ribbon worm expels a string of sticky webbing.
The stream of webbing hits you but does no damage.
You are caught in a web!
The hobgoblin hits you.
Unknown command.
The web tears apart.
The ribbon worm barely misses you. The hobgoblin hits you.
The ribbon worm bites you.
The ribbon worm expels a string of sticky webbing.
The stream of webbing hits you but does no damage.
You are caught in a web!
There is a web here.
You see here a hobgoblin corpse.
The web tears apart.
The ribbon worm bites you.
* * * LOW HITPOINT WARNING * * *
You hit the ribbon worm.
The ribbon worm is moderately wounded.
You hit the ribbon worm.
The ribbon worm is severely wounded.
The ribbon worm bites you.
You die...

#........#
#........#
#.......)#
#...#.####
###.#.####
#.#..†.#
#....#.#
####w#...
#@#..##
#†#...
#......#..#
#.........#
#.......#.#
#.......#
..
..[..###.#
.+ #.###.
.# + #. #.
##


You could see a ribbon worm.

Vanquished Creatures
  A giant cockroach (D:2)
  A goblin (D:2)
  A hobgoblin (D:2)
  A frilled lizard (D:2)
  A rat (D:2)
5 creatures vanquished.

Notes
Turn   | Place    | Note
-------+----------+-------------------------------------------
     0 | D:1      | Gadfly the Demonspawn Monk began the quest for the Orb.
     0 | D:1      | Reached XP level 1. HP: 18/18 MP: 1/1
    38 | D:1      | You fall into a shaft and drop 1 floor!
   116 | D:2      | Slain by a ribbon worm

Illustrated notes

Levels and vault maps discovered:
D:1:      spicycebolla_arrival_transporter_tutorial, layout_loops_cross
D:2:      kennysheep_big_flooded_room, layout_basic, basic_altar, uniq_sigmund

Action                     || total
---------------------------++-------
  Melee: Unarmed           ||    18
 Armour: Robe              ||    13
  Dodge: Dodged            ||    13
